Map: [ESL] Inside and Out

Players

trigger - Winner!

  • Race: Protoss Protoss
  • Spawn Location: 7:00

Neeb

  • Race: Protoss Protoss
  • Spawn Location: 1:00

Event: DreamHack SC2 Masters 2022 Atlanta (Online)

VOD

Have the link to the VOD?

Description

Time

  • Played on: Oct. 9, 2022, 2:56 p.m.
  • Length: 12:51

All games in this series

Show
View Real Time Build Order
Export as new Build Order

trigger Protoss - Winner!

Build Orders: 1 Gate Expand 

Get SALT Encoding   

  12  0:00  Probe  
  13  0:12  Probe  
  14  0:19  Pylon  
  14  0:24  Probe  
  15  0:37  Probe (Chrono Boost), Gateway  
  16  0:46  Probe (Chrono Boost), Assimilator  
  17  0:51  Probe  
  18  1:03  Probe (Chrono Boost)  
  19  1:13  Probe (Chrono Boost)  
  20  1:23  Nexus  
  20  1:27  Probe  
  21  1:37  Cybernetics Core  
  21  1:42  Assimilator  
  21  1:45  Probe  
  22  1:53  Pylon  
  22  1:58  Probe  
  23  2:08  Warp Gate (Chrono Boost)  
  23  2:11  Probe  
  23  2:12  Gateway  
  24  2:19  Stalker (Chrono Boost)  
  26  2:23  Probe  
  27  2:30  Shield Battery  
  27  2:35  Probe  
  27  2:36  Probe  
  29  2:47  Sentry (Chrono Boost)  
  29  2:48  Robotics Facility  
  31  3:02  Shield Battery  
  31  3:04  Stalker  
  33  3:08  Shield Battery  
  33  3:13  Probe  
  34  3:23  Shield Battery  
  35  3:27  Probe  
  35  3:37  Immortal (Chrono Boost)  
  39  3:45  Stalker x2  
  43  3:49  Shield Battery  
  43  3:55  Probe  
  44  4:01  Probe  
  43  4:03  Shield Battery, Pylon  
  43  4:07  Probe  
  44  4:13  Warp Prism (Chrono Boost)  
  46  4:19  Pylon  
  46  4:21  Adept x2  
  50  4:27  Shield Battery, Probe  
  50  4:32  Probe  
  49  4:39  Probe  
  49  4:44  Probe  
  51  4:46  Shield Battery  
  51  4:47  Stalker x2  
  56  4:54  Probe (Chrono Boost)  
  56  4:58  Probe (Chrono Boost)  
  57  5:00  Pylon  
  59  5:07  Probe (Chrono Boost)  
  59  5:08  Probe (Chrono Boost)  
  59  5:10  Stalker, Pylon  
  61  5:17  Shield Battery, Probe  
  61  5:18  Probe  
  61  5:21  Assimilator  
  63  5:23  Pylon  
  63  5:25  Observer (Chrono Boost)  
  63  5:26  Stalker  
  66  5:29  Probe  
  66  5:31  Probe  
  66  5:34  Twilight Council  
  68  5:41  Probe  
  64  5:43  Probe  
  64  5:55  Probe (Chrono Boost)  
  64  5:56  Stalker x2  
  70  5:57  Probe (Chrono Boost)  
  67  6:06  Probe (Chrono Boost)  
  67  6:07  Blink (Chrono Boost)  
  67  6:08  Probe (Chrono Boost)  
  67  6:15  Probe  
  68  6:19  Probe  
  68  6:23  Stalker  
  68  6:25  Stalker  
  73  6:31  Probe  
  73  6:32  Nexus, Pylon  
  71  6:34  Probe  
  72  6:43  Probe  
  73  6:47  Probe  
  73  6:48  Forge  
  73  6:50  Stalker  
  73  6:51  Stalker  
  78  6:55  Probe  
  78  6:56  Pylon  
  78  6:59  Probe  
  80  7:07  Pylon  
  80  7:08  Observer, Probe  
  82  7:11  Probe  
  82  7:13  Gateway  
  82  7:14  Shield Battery  
  83  7:17  Protoss Ground Weapons Level 1 (Chrono Boost)  
  83  7:20  Probe  
  83  7:22  Stalker  
  86  7:25  Stalker  
  86  7:27  Probe  
  89  7:32  Probe  
  90  7:41  Gateway  
  90  7:42  Probe (Chrono Boost)  
  93  7:44  Probe (Chrono Boost)  
  93  7:47  Stalker  
  93  7:49  Probe (Chrono Boost)  
  95  7:52  Stalker  
  95  7:54  Probe (Chrono Boost)  
  95  7:56  Probe (Chrono Boost)  
  97  7:58  Probe (Chrono Boost)  
  97  8:00  Probe (Chrono Boost)  
  97  8:04  Probe (Chrono Boost)  
  96  8:11  Stalker x2  
  102  8:14  Probe (Chrono Boost)  
  102  8:15  Probe (Chrono Boost)  
  102  8:16  Probe (Chrono Boost)  
  101  8:20  Probe (Chrono Boost)  
  101  8:21  Probe (Chrono Boost), Stalker  
  101  8:24  Assimilator  
  101  8:25  Probe (Chrono Boost)  
  106  8:30  Probe (Chrono Boost)  
  107  8:36  Nexus  
  107  8:37  Pylon  
  107  8:39  Probe x3 (Chrono Boost), Stalker x2  
  114  8:43  Stalker  
  114  8:45  Probe  
  114  8:46  Probe  
  118  8:51  Pylon  
  118  8:52  Stalker  
  118  8:53  Probe  
  121  8:57  Probe, Pylon  
  121  8:58  Probe  
  123  9:04  Assimilator  
  123  9:05  Probe  
  123  9:06  Stalker x2  
  123  9:07  Photon Cannon  
  129  9:10  Probe  
  129  9:13  Probe  
  130  9:17  Observer (Chrono Boost)  
  130  9:18  Probe, Protoss Ground Weapons Level 2 (Chrono Boost)  
  130  9:21  Pylon  
  130  9:22  Probe  
  132  9:25  Charge, Probe  
  132  9:27  Stalker  
  132  9:28  Stalker  
  132  9:30  Probe  
  138  9:32  Stalker  
  138  9:34  Probe  
  138  9:37  Probe  
  142  9:40  Sentry, Photon Cannon  
  142  9:44  Gateway  
  146  9:55  Gateway  
  146  9:56  Gateway  
  146  9:59  Stalker  
  146  10:02  Gateway  
  146  10:04  Gateway  
  146  10:08  Stalker x3  
  146  10:13  Pylon  
  152  10:15  Gateway, Pylon  
  152  10:20  Immortal (Chrono Boost)  
  152  10:27  Gateway  
  156  10:29  Gateway  
  156  10:30  Pylon  
  156  10:31  Stalker x2  
  160  10:40  Stalker x3  
  161  10:52  Photon Cannon  
  161  11:02  Zealot x8  
  177  11:05  Nexus  
  177  11:11  Zealot x2  
  179  11:12  Immortal  
  173  11:29  Zealot x8  
  173  11:41  Zealot x2  
  165  11:50  Zealot x8  
  165  11:52  Immortal  
  133  11:55  Stalker x2  
  133  12:09  Zealot x2  
  133  12:14  Zealot x5  
  135  12:18  Zealot x4  
  135  12:21  Probe x2  
  135  12:22  Probe  
  138  12:26  Zealot  
  136  12:34  Zealot x5  
  132  12:41  Zealot x3  
  132  12:42  Zealot  
Show
View Real Time Build Order
Export as new Build Order

Neeb Protoss 

Build Orders: Oracle Opening 

Get SALT Encoding   

  12  0:00  Probe  
  13  0:12  Probe  
  14  0:17  Pylon  
  14  0:24  Probe (Chrono Boost)  
  15  0:36  Probe (Chrono Boost)  
  15  0:37  Gateway  
  16  0:44  Probe (Chrono Boost)  
  16  0:45  Assimilator  
  17  0:51  Probe  
  18  0:58  Assimilator  
  18  1:03  Probe (Chrono Boost)  
  19  1:13  Probe (Chrono Boost)  
  19  1:14  Gateway  
  19  1:18  Probe (Chrono Boost)  
  20  1:25  Cybernetics Core  
  21  1:30  Probe  
  22  1:37  Pylon  
  22  1:42  Probe  
  23  1:55  Probe  
  23  1:59  Warp Gate (Chrono Boost)  
  23  2:01  Stalker x2  
  26  2:06  Pylon  
  28  2:24  Gateway  
  28  2:32  Stalker x2  
  32  2:39  Pylon  
  32  3:01  Stargate  
  32  3:05  Stalker x2  
  36  3:42  Adept x3  
  36  3:45  Oracle (Chrono Boost)  
  43  4:03  Nexus  
  43  4:12  Stalker  
  43  4:13  Stalker  
  45  4:17  Probe  
  46  4:29  Probe  
  47  4:39  Pylon  
  47  4:54  Oracle (Chrono Boost), Pylon  
  47  4:57  Probe  
  51  5:01  Adept x2  
  55  5:12  Probe (Chrono Boost)  
  56  5:14  Stalker  
  56  5:16  Probe (Chrono Boost)  
  59  5:24  Probe (Chrono Boost)  
  59  5:28  Probe (Chrono Boost)  
  61  5:31  Twilight Council, Probe (Chrono Boost)  
  61  5:33  Probe (Chrono Boost)  
  63  5:39  Probe  
  64  5:43  Probe  
  64  5:46  Shield Battery  
  65  5:51  Probe  
  65  5:56  Probe, Stalker x2  
  71  6:03  Probe  
  70  6:05  Stalker  
  70  6:07  Blink (Chrono Boost)  
  70  6:08  Probe  
  60  6:15  Probe  
  57  6:18  Assimilator  
  57  6:22  Stalker, Pylon  
  59  6:27  Probe  
  59  6:29  Probe  
  61  6:34  Stalker  
  61  6:37  Pylon  
  61  6:39  Gateway, Pylon  
  63  6:50  Stalker  
  65  6:55  Gateway x2  
  65  6:59  Stalker  
  67  7:05  Oracle  
  67  7:07  Pylon  
  70  7:09  Probe x2  
  70  7:11  Assimilator  
  72  7:18  Pylon  
  72  7:20  Stalker  
  72  7:21  Probe  
  75  7:24  Probe  
  76  7:33  Nexus, Probe  
  77  7:38  Pylon  
  77  7:47  Stalker x2  
  81  7:55  Probe  
  82  8:03  Probe  
  80  8:07  Probe  
  81  8:16  Probe  
  81  8:19  Probe  
  83  8:21  Stalker x5  
  93  8:28  Probe  
  93  8:31  Probe  
  93  8:32  Robotics Facility  
  95  8:34  Shield Battery  
  95  8:37  Pylon  
  95  8:40  Probe (Chrono Boost)  
  96  8:43  Probe (Chrono Boost)  
  96  8:46  Forge  
  96  8:47  Sentry x3  
  104  8:51  Probe (Chrono Boost)  
  104  8:52  Probe x2 (Chrono Boost)  
  106  8:56  Stalker x2  
  106  8:59  Probe, Pylon  
  111  9:05  Assimilator  
  111  9:06  Assimilator  
  111  9:19  Immortal (Chrono Boost)  
  111  9:20  Robotics Facility  
  111  9:22  Robotics Bay  
  115  9:25  Protoss Ground Weapons Level 1 (Chrono Boost), Stalker  
  117  9:31  Photon Cannon  
  117  9:34  Pylon  
  117  9:35  Probe  
  118  9:51  Observer (Chrono Boost)  
  119  9:55  Nexus  
  119  9:57  Pylon  
  119  9:59  Stalker x3  
  125  10:06  Disruptor (Chrono Boost), Probe x2  
  125  10:07  Probe  
  128  10:09  Disruptor (Chrono Boost)  
  128  10:13  Pylon  
  134  10:18  Probe  
  134  10:19  Probe  
  137  10:21  Shield Battery, Probe  
  137  10:30  Probe  
  137  10:31  Probe  
  137  10:33  Probe  
  137  10:35  Disruptor (Chrono Boost)  
  143  10:37  Disruptor (Chrono Boost)  
  143  10:38  Pylon  
  142  10:43  Probe, Stalker x3  
  149  10:59  Stalker x2  
  153  11:05  Probe x3  
  153  11:08  Disruptor (Chrono Boost), Stalker x3  
  168  11:11  Photon Cannon  
  168  11:12  Probe  
  168  11:17  Probe  
  169  11:30  Stalker x2  
  169  11:32  Probe  
  167  11:37  Stalker x3  
  153  11:41  Probe  
  153  11:42  Disruptor  
  123  11:55  Stalker x2  
  123  11:56  Probe x2  
  123  12:01  Probe, Stalker x3  
  136  12:08  Gateway  
  136  12:10  Gateway  
  136  12:11  Gateway  
  136  12:12  Probe, Gateway  
  132  12:17  Probe  
  132  12:19  Photon Cannon  
  132  12:20  Shield Battery, Stalker x2  
  123  12:32  Stalker x3  
  107  12:43  Stalker x2  
Tags
 
Add a new tag
Caveats
  • Supply blocks, unpowered buildings, or Contaminate may cause inaccurate times.
  • Supply counts are checked every 10 seconds.